 Dungeon Crawl Stone Soup version 0.28-a0-779-g3d1f99b579 (webtiles) character file.

Game seed: 4972696047819340962

107104 frimble the Fighter (level 15, -1/156 HPs)
             Began as a Troll Warper on Nov 3, 2021.
             Was a High Priest of Cheibriados.
             Slain by an ettin (25 damage)
             ... on level 15 of the Dungeon.
             The game lasted 00:48:55 (23131 turns).

frimble the Fighter (Troll Warper)                 Turns: 23131, Time: 00:48:56

Health: -1/156     AC: 11    Str: 43    XL:     15   Next: 99%
Magic:  12/20      EV: 13    Int: 28    God:    Cheibriados [*****.]
Gold:   2058       SH: 13    Dex: 25    Spells: 7/18 levels left

rFire   . . .      SeeInvis .     - Unarmed
rCold   + . .      Faith    .   h - +1 kite shield {reflect}
rNeg    . . .      Spirit   .   V - +1 troll leather armour
rPois   .          Reflect  +   A - +1 hat
rElec   .          Harm     .   G - +2 cloak
rCorr   .          Rampage  .   (gloves unavailable)
Will    ++...                   (boots unavailable)
Stlth   ++........              y - amulet of magic regeneration
HPRegen 2.36/turn               o - ring "Lothriudgh" {Contam rC+ Str+6 Dex+2 Slay+3}
MPRegen 0.42/turn               n - ring of willpower

@: very slow
A: large, unfitting armour, claws 3, regeneration 1, shaggy fur 1, tough skin 1
a: Renounce Religion, Bend Time, Temporal Distortion, Slouch, Step From Time


You were on level 15 of the Dungeon.
You worshipped Cheibriados.
Cheibriados was extremely pleased with you.
You visited 5 branches of the dungeon, and saw 25 of its levels.
You also visited: Bailey, Gauntlet and Ice Cave.

You collected 2378 gold pieces.
You spent 320 gold pieces at shops.

Inventory:

Missiles
 a - 6 silver javelins
 f - 12 boomerangs (quivered)
 p - 2 boomerangs of dispersal
 v - 23 large rocks
 B - 6 javelins
 Y - a throwing net
 Z - a silver boomerang
Armour
 h - a +1 kite shield of reflection (worn)
 u - a scarf of resistance
 A - a +1 hat (worn)
 E - the +10 tower shield of Ignorance {rN+ Int-4}
   (You took it off Louise on level 15 of the Dungeon)

   Int:       It affects your intelligence (-4).
   rN:        It protects you from negative energy.
 G - a +2 cloak (worn)
 V - a +1 troll leather armour (worn)
Jewellery
 m - a ring of resist corrosion
 n - a ring of willpower (right claw)
 o - the ring "Lothriudgh" (left claw) {Contam rC+ Str+6 Dex+2 Slay+3}
   (You found it on level 3 of the Dungeon)

   [ring of strength]

   Str:       It affects your strength (+6).
   Dex:       It affects your dexterity (+2).
   Slay:      It affects your accuracy & damage with ranged weapons and melee
   (+3).
   rC:        It protects you from cold.
   Contam:    It causes magical contamination when unequipped.
 y - an amulet of magic regeneration (around neck)
 z - a +6 ring of intelligence
 J - the ring "Lautideq" {Fire Int+5 Slay+3}
   (You found it in a Gauntlet)

   [ring of fire]

   It enhances your fire magic.
   Int:       It affects your intelligence (+5).
   Slay:      It affects your accuracy & damage with ranged weapons and melee
   (+3).
   rF:        It protects you from fire.
   rC:        It makes you vulnerable to cold.
 N - a ring of positive energy
 O - a ring of protection from cold
 R - an amulet of reflection
 S - a ring of protection from cold
 W - a ring of positive energy
Wands
 e - a wand of digging (15)
 g - a wand of flame (35)
 C - a wand of polymorph (9)
 K - a wand of charming (5)
 L - a wand of paralysis (10)
 M - a wand of acid (3)
Scrolls
 b - 6 scrolls of blinking
 c - 8 scrolls of identify
 r - 4 scrolls of fog
 s - 4 scrolls of teleportation
 x - 4 scrolls of amnesia
 I - 2 scrolls of fear
 Q - a scroll of immolation
 T - a scroll of magic mapping
 X - a scroll of silence
Potions
 d - 3 potions of flight
 i - 5 potions of haste
 j - 4 potions of brilliance
 k - a potion of lignification
 l - 8 potions of curing
 q - 10 potions of mutation
 t - 3 potions of ambrosia
 w - a potion of might
 D - a potion of magic
 H - 2 potions of resistance
 P - a potion of cancellation
Miscellaneous
 U - a condenser vane


   Skills:
 - Level 12.1 Fighting
 - Level 10.5 Throwing
 - Level 3.0 Armour
 - Level 5.5 Dodging
 + Level 8.1 Shields
 - Level 11.1 Unarmed Combat
 - Level 2.0 Spellcasting
 - Level 10.1 Translocations
 - Level 8.3 Invocations
 - Level 5.0 Evocations


You had 7 spell levels left.
You knew the following spells:

 Your Spells              Type           Power      Damage    Failure   Level
a - Blink                 Tloc           100%       N/A       1%          2
b - Passage of Golubria   Tloc           56%        N/A       1%          4
c - Manifold Assault      Tloc           56%        N/A       4%          5

Your spell library contained the following spells:

 Spells                   Type           Power      Damage    Failure   Level
 Gell's Gravitas          Tloc           56%        N/A       1%          3
 Lesser Beckoning         Tloc           56%        N/A       1%          3
 Teleport Other           Tloc           56%        N/A       1%          3
 Magic Dart               Conj           8%         1d3       12%         1
 Sandblast                Erth           4%         2d4       12%         1
 Call Imp                 Summ           2%         N/A       17%         2
 Corpse Rot               Necr/Air       4%         N/A       17%         2
 Ensorcelled Hibernation  Hex/Ice        4%         N/A       17%         2
 Passwall                 Tmut/Erth      1%         N/A       17%         2
 Poisonous Vapours        Pois/Air       4%         N/A       17%         2
 Scorch                   Fire           4%         2d5       17%         2
 Ignite Poison            Fire/Tmut/Pois 2%         N/A       34%         3
 Mephitic Cloud           Conj/Pois/Air  2%         N/A       34%         3
 Spider Form              Tmut/Pois      2%         N/A       34%         3
 Stone Arrow              Conj/Erth      4%         3d7       34%         3
 Tukima's Dance           Hex            2%         N/A       34%         3
 Dispel Undead            Necr           2%         3d7       75%         4
 Flame Wave               Conj/Fire      2%         3d3       75%         4
 Hailstorm                Conj/Ice       2%         3d3       75%         4
 Ice Form                 Ice/Tmut       2%         N/A       75%         4
 Freezing Cloud           Conj/Ice/Air   1%         6-21      97%         5
 Yara's Violent Unravell  Hex/Tmut       1%         3d3       97%         5
 Death Channel            Necr           1%         N/A       100%        6
 Simulacrum               Ice/Necr       1%         N/A       100%        6
 Summon Cactus Giant      Summ           1%         N/A       100%        6


Dungeon Overview and Level Annotations

Branches:
Dungeon (15/15)            Temple (1/1) D:5            Lair (6/6) D:11
  Swamp (0/4) Lair:3        Snake (0/4) Lair:3        Slime (0/5) Lair:6
    Orc (2/2) D:12            Elf (0/3) Orc:2        Vaults (0/5) D:14
 Depths (1/4) D:15         Bailey (visited)           IceCv (visited)
Gauntlet (visited)

Altars:
Ashenzari
Cheibriados
Dithmenos
Elyvilon
Fedhas
Gozag
Hepliaklqana
Kikubaaqudgha
Makhleb
Nemelex Xobeh
Qazlal
Ru
Sif Muna
Trog
Uskayaw
Vehumet
Wu Jian
Xom
Yredelemnul
Zin
The Shining One
Beogh
Jiyva

Shops:
D:5 (!?((!:   D:15 ?*   Orc:1 *   Orc:2 (*:*

Annotations:
D:13 1 runed translucent door, exclusion: orange crystal statue


Innate Abilities, Weirdness & Mutations

You are too large for most types of armour.
You have claws for hands.
Your natural rate of healing is unusually fast.
You are covered in fur. (AC +1)
You have tough skin. (AC +1)


Message History

The deep troll misses you. You block the deep troll's attack.
You block the ettin's attack.
The ettin hits you with a +0 great mace!!
The deep troll shaman calls upon its god to strengthen the deep troll.
The deep troll seems to grow stronger.
You climb upwards.
Welcome back to the Dungeon!
There is a staircase to the Depths here.
You mangle the deep troll!!
The deep troll is severely wounded.
The deep troll closely misses you. You block the deep troll's attack.
The deep troll claws you!
You mangle the deep troll!!
You kill the deep troll!
Cheibriados thoroughly appreciates the change of pace.
The deep troll shaman bites you!
* * * LOW HITPOINT WARNING * * *
The deep troll shaman barely misses you.
You block the deep troll shaman's attack.
The ettin hits you with a +0 dire flail!!
* * * LOW HITPOINT WARNING * * *
You block the ettin's attack.
Casting: Manifold Assault (dangerous; 5% risk of failure)
Confirm with . or Enter, or press ? or * to list all spells.
You blink.
You feel much better. You block the ettin's attack.
The ettin barely misses you.
You block the deep troll shaman's attack. x2
The deep troll shaman claws you but does no damage.
You eviscerate the deep troll shaman!!!
You kill the deep troll shaman!
Cheibriados thoroughly appreciates the change of pace.
The ettin barely misses you.
The ettin hits you with a +0 great mace.
* * * LOW HITPOINT WARNING * * *
You scratch the ettin.
The ettin is moderately wounded.
The ettin hits you with a +0 dire flail!
* * * LOW HITPOINT WARNING * * *
The ettin hits you with a +0 great mace!!
You die...

#........###.##.##...##.#......#
#####.###....##.#.....#.##......
##...........#.....#.##.#...#
#...##....#####...##....###.#
#......####.####.##...### #.#
#.#.#..# #...###..###.## #.#
###.#.#.####....###...#..####.#
#...#.#..##§.C....##÷.#..))##.#
#.###.#...##..@.#.##÷##.##)##.#
###.#
#.#.#..#...##.÷...#.##.##.#
#...#
#.#.##.##.###..#.##.##....#
#.###
#...##..###.#######.####... ..#
##'####........##...#####.. ###
##∩## ##.#####..........##)
##### #.######....####.... ##
#...# #.##........# ##### .#
#...# ##......#.<..########


You could see an ettin.

Vanquished Creatures
  Rupert (D:14)
  Agnes (D:15)
  Louise (D:15)
  A very ugly thing (D:15)
  Nessos (D:14)
  A dire elephant (Gauntlet)
  A minotaur (Gauntlet)
  An ettin (D:12)
  Josephine (D:15)
  The ghost of Jethan the Nimble, a journeyman DjWz of Ashenzari (Lair:1)
  7 hydras
  A rakshasa (D:15)
  3 boulder beetles
  5 centaur warriors
  2 ogre magi
  3 catoblepae
  2 deep troll shamans
  A tengu warrior (D:12)
  10 two-headed ogres
  Urug (D:15)
  14 death yaks
  2 orc high priests (Orc:2)
  3 skeletal warriors (D:12)
  A deep troll (D:15)
  A glowing orange brain (D:15)
  2 bog bodies
  2 necromancers
  A lindwurm (Lair:6)
  4 orc knights
  2 deep elf pyromancers
  A wizard (D:15)
  5 orc sorcerers
  3 manticores
  7 ugly things (D:15)
  2 slime creatures (D:15)
  10 black mambas
  4 cyclopes
  An apocalypse crab (Gauntlet)
  3 ice statues
  9 elephants
  A torpor snail (Lair:6)
  12 cane toads
  4 gargoyles
  An unseen horror (D:12)
  5 rime drakes
  13 komodo dragons
  An efreet (D:15)
  3 entropy weaver simulacra (IceCv)
  2 freezing wraiths
  An anaconda simulacrum (IceCv)
  2 polar bears
  8 ice devils
  6 trolls
  A queen bee (shapeshifter) (D:15)
  A hornet (shapeshifter) (D:12)
  3 blink frogs (Lair:4)
  2 dream sheep (Lair:6)
  A snapping turtle (Orc:1)
  A blink frog (shapeshifter) (D:15)
  A raiju (shapeshifter) (D:14)
  A dream sheep (shapeshifter) (D:12)
  An air elemental (D:14)
  2 large abominations (Gauntlet)
  A spriggan (D:10)
  A water elemental (D:14)
  3 shadows
  A redback (shapeshifter) (D:15)
  A fire elemental (D:14)
  54 yaks
  A vampire (D:13)
  A wyvern (D:9)
  A wyvern (shapeshifter) (D:13)
  3 dire elephant simulacra (IceCv)
  16 humans
  3 small abominations (Gauntlet)
  Grum (D:9)
  7 wraiths
  8 basilisks
  2 steam dragons
  3 vampire mosquitoes (D:15)
  3 harpy simulacra (IceCv)
  2 wargs
  2 acid dragons (D:13)
  23 water moccasins
  8 black bears
  28 orc warriors
  2 necrophages
  20 wolves
  8 ogres
  7 centaurs
  2 kobold brigands
  Blork the orc (D:5)
  13 bullfrogs
  2 wyvern zombies
  An earth elemental (D:14)
  A cane toad simulacrum (IceCv)
  A wyvern skeleton (D:7)
  3 wights (D:6)
  8 howler monkeys
  An electric eel (D:10)
  A lava snake (D:10)
  2 centaur zombies
  24 orc priests
  3 hounds
  3 iguanas
  A jelly (D:9)
  4 bullfrog skeletons
  2 centaur skeletons
  Terence (D:3)
  37 orc wizards
  A wolf simulacrum (IceCv)
  A troll simulacrum (IceCv)
  2 killer bee zombies
  A hound zombie (D:5)
  Robin (D:2)
  A howler monkey zombie (D:9)
  3 gnolls (D:5)
  11 adders
  A white imp (D:5)
  2 ufetubi
  2 worms
  92 orcs
  10 bats
  4 endoplasms
  10 goblins
  16 hobgoblins
  5 quokkas
  6 ball pythons
  3 frilled lizards
  15 kobolds
  6 rats
709 creatures vanquished.

Vanquished Creatures (collateral kills)
  An orc warrior (Orc:1)
1 creature vanquished.

Vanquished Creatures (others)
  23 fungi
  48 plants
71 creatures vanquished.

Grand Total: 781 creatures vanquished

Notes
Turn   | Place    | Note
-------+----------+-------------------------------------------
     0 | D:1      | frimble the Troll Warper began the quest for the Orb.
     0 | D:1      | Reached XP level 1. HP: 19/19 MP: 1/1
   109 | D:1      | Reached skill level 1 in Throwing
   187 | D:1      | Found a faded altar of an unknown god.
   198 | D:1      | Reached XP level 2. HP: 28/28 MP: 2/2
   811 | D:2      | Reached XP level 3. HP: 32/35 MP: 4/4
  1072 | D:2      | Reached skill level 2 in Fighting
  1228 | D:2      | Identified the +0 helmet of Agnosticism {rCorr Str+5 Int-5}
  1228 | D:2      | Noticed Robin
  1273 | D:2      | Killed Robin
  1274 | D:2      | Reached XP level 4. HP: 42/42 MP: 5/5
  1500 | D:3      | Identified a scroll of acquirement
  1500 | D:3      | Acquired a +1 kite shield of reflection
  1687 | D:3      | Learned a level 2 spell: Blink
  1721 | D:3      | Reached XP level 5. HP: 46/50 MP: 6/6
  1834 | D:3      | Noticed Terence
  1865 | D:3      | Killed Terence
  2140 | D:3      | Reached XP level 6. HP: 56/59 MP: 8/8
  2201 | D:3      | Identified the ring "Lothriudgh" {Contam rC+ Str+6 Dex+2
                  | Slay+3}
  2494 | D:4      | Reached skill level 3 in Fighting
  2494 | D:4      | Reached skill level 1 in Shields
  2616 | D:4      | Reached XP level 7. HP: 63/67 MP: 9/9
  2926 | D:4      | Found a faded altar of an unknown god.
  3029 | D:5      | Entered Level 5 of the Dungeon
  3029 | D:5      | Found Ryl Exen's Weapon Shop.
  3093 | D:5      | Found Noguj's Weapon Emporium.
  3094 | D:5      | Found Picribur's Distillery.
  3095 | D:5      | Found Baecaecvi's Distillery.
  3095 | D:5      | Found Pocerix's Magic Scroll Shop.
  3096 | D:5      | Found Ytoit's Antique Weapon Boutique.
  3096 | D:5      | Found Mysu Suzo's Book Emporium.
  3100 | D:5      | Bought a potion of lignification for 42 gold pieces
  3100 | D:5      | Bought a potion of curing for 42 gold pieces
  3113 | D:5      | Bought a scroll of identify for 24 gold pieces
  3243 | D:5      | Found a staircase to the Ecumenical Temple.
  3322 | D:5      | Reached skill level 4 in Fighting
  3435 | D:5      | Noticed Blork the orc
  3441 | D:5      | Killed Blork the orc
  3442 | D:5      | Reached skill level 5 in Unarmed Combat
  3547 | D:5      | Found a burning altar of Makhleb.
  3547 | D:5      | Noticed a green death
  3903 | D:6      | Reached XP level 8. HP: 72/79 MP: 10/10
  4117 | D:6      | Reached skill level 5 in Fighting
  4156 | D:6      | Found a broken altar of Ashenzari.
  4163 | D:6      | Found a hazy altar of Hepliaklqana.
  4812 | D:7      | Reached XP level 9. HP: 88/88 MP: 11/11
  4843 | D:7      | Found a flagged portal.
  4860 | D:7      | Reached skill level 5 in Shields
  4881 | Bailey   | Entered a bailey
  4978 | Bailey   | Noticed an orc knight
  5148 | Bailey   | Killed an orc knight
  5880 | D:8      | Noticed a two-headed ogre
  5888 | D:8      | Killed a two-headed ogre
  6326 | D:8      | Found a sparkling altar of Nemelex Xobeh.
  6326 | D:8      | Found a glowing golden altar of the Shining One.
  6535 | D:9      | Noticed a two-headed ogre
  6546 | D:9      | Killed a two-headed ogre
  6547 | D:9      | Reached XP level 10. HP: 39/98 MP: 12/12
  6674 | D:9      | Reached skill level 6 in Fighting
  6811 | D:9      | Noticed Grum
  6839 | D:9      | Killed Grum
  7415 | D:9      | Found a bloodstained altar of Trog.
  7573 | D:9      | Found an opulent altar of Gozag.
  7615 | D:9      | Found a glowing silver altar of Zin.
  7758 | D:10     | Entered Level 10 of the Dungeon
  7931 | D:10     | Found a hide-covered altar of Uskayaw.
  8225 | D:10     | Noticed a death yak
  8253 | D:10     | Killed a death yak
  8335 | D:10     | Reached XP level 11. HP: 107/107 MP: 13/13
  8347 | D:10     | Reached skill level 7 in Fighting
  8428 | D:10     | Found a shadowy altar of Dithmenos.
  8684 | D:10     | Found a radiant altar of Vehumet.
  8707 | D:10     | Noticed a two-headed ogre
  8716 | D:10     | Killed a two-headed ogre
  8883 | D:10     | Reached skill level 5 in Throwing
  8894 | D:10     | Reached skill level 5 in Translocations
  9133 | D:11     | Noticed a two-headed ogre
  9149 | D:11     | Killed a two-headed ogre
  9538 | D:11     | Found a staircase to the Lair.
  9742 | Temple   | Entered the Ecumenical Temple
  9809 | Temple   | Became a worshipper of Cheibriados the Contemplative
  9993 | Lair:1   | Entered Level 1 of the Lair of Beasts
 10080 | Lair:1   | Reached skill level 8 in Fighting
 10283 | Lair:1   | Noticed a four-headed hydra
 10296 | Lair:1   | Killed a four-headed hydra
 10483 | Lair:1   | Found a runed translucent door.
 10484 | Lair:1   | Noticed Jethan's ghost (journeyman DjWz)
 10553 | Lair:1   | Reached XP level 12. HP: 120/120 MP: 14/14
 10625 | Lair:1   | Reached * piety under Cheibriados
 11114 | Lair:2   | Noticed an eight-headed hydra
 11125 | Lair:1   | HP: 5/120 [eight-headed hydra (3)]
 11125 | Lair:1   | HP: 1/120 [eight-headed hydra (4)]
 11134 | Lair:1   | Killed an eight-headed hydra
 11135 | Lair:1   | Reached skill level 10 in Unarmed Combat
 11684 | Lair:2   | Learned a level 4 spell: Passage of Golubria
 11690 | Lair:2   | Learned a level 5 spell: Manifold Assault
 12404 | Lair:3   | Reached ** piety under Cheibriados
 12424 | Lair:3   | Found a staircase to the Swamp.
 12668 | Lair:3   | Found a staircase to the Snake Pit.
 12772 | Lair:3   | Reached skill level 9 in Fighting
 12907 | Lair:3   | Noticed a five-headed hydra
 12917 | Lair:3   | Killed a five-headed hydra
 13230 | Lair:3   | Reached *** piety under Cheibriados
 13445 | Lair:3   | Reached XP level 13. HP: 74/131 MP: 15/15
 13758 | Lair:4   | Found a gate leading to a gauntlet.
 13769 | Gauntlet | Entered a Gauntlet
 13769 | Gauntlet | Found a transporter.
 13778 | Gauntlet | Found a transporter.
 13781 | Gauntlet | Found a transporter.
 13782 | Gauntlet | Found a transporter.
 13793 | Gauntlet | Found a transporter.
 13793 | Gauntlet | Found a transporter.
 13868 | Gauntlet | Found a transporter.
 13908 | Gauntlet | Noticed a dire elephant
 13915 | Gauntlet | Found a transporter.
 13916 | Gauntlet | Found a transporter.
 13916 | Gauntlet | Found a transporter.
 13927 | Gauntlet | Killed a dire elephant
 14006 | Gauntlet | Found a transporter.
 14097 | Gauntlet | Found a transporter.
 14099 | Gauntlet | Found a transporter.
 14104 | Gauntlet | Found a runed translucent door.
 14105 | Gauntlet | Found a runed translucent door.
 14107 | Gauntlet | Found a transporter.
 14123 | Gauntlet | Reached skill level 5 in Dodging
 14147 | Gauntlet | Noticed a minotaur
 14155 | Gauntlet | Killed a minotaur
 14191 | Gauntlet | Identified the ring "Lautideq" {Fire Int+5 Slay+3}
 14227 | Lair:4   | Reached **** piety under Cheibriados
 15081 | Lair:5   | Reached ***** piety under Cheibriados
 15108 | Lair:5   | Found a frozen archway.
 15117 | Lair:5   | Reached skill level 10 in Fighting
 15123 | IceCv    | Entered an ice cave
 15884 | Lair:5   | Reached XP level 14. HP: 127/144 MP: 16/16
 16527 | Lair:6   | Entered Level 6 of the Lair of Beasts
 16574 | Lair:6   | Reached skill level 1 in Invocations
 16855 | Lair:5   | Reached skill level 5 in Invocations
 17305 | Lair:6   | Reached ****** piety under Cheibriados
 17337 | Lair:6   | Reached skill level 11 in Fighting
 17552 | Lair:6   | Found a viscous altar of Jiyva.
 17552 | Lair:6   | Found a staircase to the Slime Pits.
 17819 | Lair:1   | Killed Jethan's ghost
 18049 | D:12     | Found a staircase to the Orcish Mines.
 18332 | D:12     | Found a runed translucent door.
 19432 | D:13     | Reached skill level 1 in Armour
 19489 | D:13     | Found a runed translucent door.
 19575 | D:13     | You fall into a shaft and drop 2 floors!
 19575 | D:15     | Entered Level 15 of the Dungeon
 19580 | D:15     | Noticed Agnes
 19586 | D:15     | Killed Agnes
 19587 | D:15     | Reached XP level 15. HP: 154/154 MP: 7/19
 19689 | D:15     | Noticed Louise
 19723 | D:15     | Noticed Josephine
 19730 | D:15     | Killed Louise
 19730 | D:15     | Killed Josephine
 19921 | D:15     | Found Sivapnop's Magic Scroll Boutique.
 20060 | D:15     | Found Cigiuhe's Blasphemy Boutique.
 20289 | D:15     | Found a staircase to the Depths.
 20364 | D:14     | Noticed Urug
 20383 | D:15     | Killed Urug
 20550 | D:14     | Reached skill level 10 in Throwing
 20552 | D:14     | Noticed Nessos
 20552 | D:14     | Noticed Rupert
 20568 | D:14     | Paralysed by Rupert for 2 turns
 20572 | D:14     | Killed Nessos
 20573 | D:14     | Found a gate to the Vaults.
 20579 | D:14     | Killed Rupert
 20883 | D:14     | Found a large runed translucent door.
 20884 | D:14     | Found a large runed translucent door.
 20975 | D:14     | Paralysed by an air elemental for 1 turns
 21172 | D:13     | Noticed a fire giant
 21173 | D:13     | Identified the +6 chain mail of Insecurity {-Tele rF+
                  | Dex+4}
 21428 | Orc:1    | Entered Level 1 of the Orcish Mines
 21637 | Orc:1    | Reached skill level 10 in Translocations
 21858 | Orc:1    | Found Mueq's Assorted Antiques.
 22037 | Orc:2    | Entered Level 2 of the Orcish Mines
 22105 | Orc:2    | Reached skill level 12 in Fighting
 22404 | Orc:2    | Found a staircase to the Elven Halls.
 22457 | Orc:2    | Reached skill level 5 in Evocations
 22538 | Orc:2    | Found Dyppax's General Store.
 22538 | Orc:2    | Found Wafoozar's Antique Weapon Boutique.
 22546 | Orc:2    | Found Asugh's General Store.
 22547 | Orc:2    | Found Piteykab's Book Shop.
 22555 | Orc:2    | Bought a scroll of immolation for 42 gold pieces
 22946 | Orc:1    | Bought a tourmaline ring for 170 gold pieces
 23113 | Depths:1 | Entered Level 1 of the Depths
 23131 | D:15     | Slain by an ettin

Illustrated notes

Levels and vault maps discovered:
D:1:      minmay_arrival_shattered_statue, layout_basic, serial_curves,
          eino_curves_03, eino_curves_04,
          chequers_ecumenical_altar_simple_redux, kennysheep_pointless_box
D:2:      layout_loops_ring, uniq_robin
D:3:      layout_basic, st_stairs_10, minmay_checkerbox, uniq_terence
D:4:      layout_cave_pools, serial_column_ruins, column_ruins_temple_hut,
          column_ruins_open_small_water, column_ruins_grid_1,
          column_ruins_corridor_corner, column_ruins_open_tiny,
          column_ruins_grid_1, column_ruins_columns_straight
D:5:      layout_cave_pools, makhleb_altar_promises_db,
          minmay_temple_entry_slanted, serial_shops, shop, serial_column_ruins,
          column_ruins_courtyard_long, column_ruins_open_medium_water,
          column_ruins_open_tiny, column_ruins_grid_1,
          column_ruins_columns_water, column_ruins_corridor_corner,
          nicolae_wooded_promenade, kennysheep_donut, saegor_snake_ambush,
          uniq_blork_the_orc
D:6:      layout_basic, mainiacjoe_overflow_catwalk_spiral, minmay_between
D:7:      layout_rooms, enter_bailey_2, minmay_holes
D:8:      layout_gridville, gammafunk_temple_overflow_statue
D:9:      layout_layer_cave, pdpol_temple_overflow_zin_treasury_gozag_greed,
          trog_book, special_room [special_room_orc], uniq_grum
D:10:     argonaut_augean_stables, layout_basic, vehumet_crystals,
          nicolae_dithmenos_through_a_glass_darkly,
          eat_drink_and_be_merry_uskayaw, kennysheep_cross_room, the_hattery
D:11:     layout_rooms, david_lair_shrubbed
D:12:     layout_stronghold, orc_0_dummy, minmay_hidden_floor
D:13:     layout_cave_pools, minmay_st_funbox, minmay_statue_bubble
D:14:     layout_rooms, david_vaults_3, hangedman_decor_push, nicolae_sextant,
          lightli_elemental_guards
D:15:     gammafunk_enter_depths_forms, layout_rooms, serial_shops,
          nicolae_shop_window_shopping, nicolae_evil_shop, uniq_agnes,
          uniq_josephine, uniq_louise
Temple:   jpeg_temple_clearing
Lair:1:   layout_layer_cave, ebering_ghost_reflecting_pool, grunt_megastairs_3,
          infiniplex_staircase_pool
Lair:2:   layout_cave_pods, beast_lair_carwin_11, grunt_megastairs_5
Lair:3:   layout_cellular_growth, skrybe_swamp_entry_bodies,
          minmay_snake_entry_six_corridors, serial_rivers,
          chequers_serial_rivers_large_a, chequers_serial_rivers_large_b,
          chequers_serial_rivers_micro_b, chequers_serial_rivers_micro_b,
          chequers_serial_rivers_room_a
Lair:4:   layout_loops_ring, gauntlet_entry_generic
Lair:5:   layout_regular_city, portal_ice_cave_demonic_guard, st_stairs_6,
          serial_bayou_shore_b
Lair:6:   grunt_lair_end_beastmaster, layout_misc_corridors, slime_altar_1
Orc:1:    layout_caves, basic_altar, serial_shops, nicolae_lakefront_shop
Orc:2:    st_orc_mages, layout_caves, basic_altar
Depths:1: layout_cave_pools, minmay_misc_feat_room, hell_entry,
          hellmonk_guarded_unrand_salamander, serial_bayou_shore_b

Skill      XL: |  1  2  3  4  5  6  7  8  9 10 11 12 13 14 15 |
---------------+----------------------------------------------+-----
Throwing       | 1 2 4 6 8 9 10 | 10.5
Fighting       | 2 3 4 5 6 8 9 10 11 12 | 12.1
Unarmed Combat | 3 4 5 6 7 8 9 11 | 11.1
Spellcasting   | 2 |  2.0
Translocations | 3 4 5 7 8 9 10 | 10.1
Shields        | 1 3 4 7 8 |  8.1
Evocations     | 2 3 5 |  5.0
Dodging        | 5 |  5.5
Invocations    | 6 8 |  8.3
Armour         | 2 3 |  3.0

Action                   |  1- 3 |  4- 6 |  7- 9 | 10-12 | 13-15 || total
-------------------------+-------+-------+-------+-------+-------++-------
Melee: Unarmed           |   116 |   179 |   277 |   590 |   939 ||  2101
       Punch             |       |     1 |     7 |       |       ||     8
Throw: Large rock        |       |     5 |    11 |       |     7 ||    23
       Boomerang         |       |       |     8 |   101 |   179 ||   288
       Javelin           |       |       |     2 |       |     3 ||     5
 Cast: Blink             |       |       |     8 |    15 |    26 ||    49
       Manifold Assault  |       |       |       |       |     6 ||     6
Invok: Slouch            |       |       |       |       |    13 ||    13
Evoke: Wand              |       |       |     5 |     3 |    14 ||    22
       Condenser vane    |       |       |       |       |     2 ||     2
  Use: Scroll            |     5 |     1 |     9 |     7 |    12 ||    34
       Potion            |       |       |     5 |     1 |     6 ||    12
 Stab: Sleeping          |       |       |     1 |       |     5 ||     6
       Petrified         |       |       |       |       |     4 ||     4
       Distracted        |       |       |       |       |     1 ||     1
Armor: Robe              |    61 |    79 |    53 |   132 |       ||   325
       Steam dragon scal |       |       |       |    17 |   131 ||   148
       Skin              |       |       |       |       |     2 ||     2
       Troll leather arm |       |       |       |       |    99 ||    99
Dodge: Dodged            |    66 |    91 |   143 |   146 |   335 ||   781
Block: Kite shield       |       |       |    18 |   320 |   732 ||  1070
       Reflection        |       |       |       |     9 |    40 ||    49

Table legend: (Time is in decaauts)
 A = Elapsed time spent in this place.
 B = Non-inter-level travel time spent in this place.
 C = Inter-level travel time spent in this place.
 D = Time resting spent in this place.
 E = Time spent auto-exploring this place.
 F = Levels seen in this place.
 G = Mean time per level.
                   A        B        C        D        E       F      G
               +--------+--------+--------+--------+--------+-----+--------+
         Total |  30010 |  27551 |   2459 |    151 |  21687 |  28 | 1071.8 |
       Dungeon |  15651 |  14179 |   1472 |     21 |  11497 |  15 | 1043.4 |
        Temple |     86 |     62 |     24 |      0 |     52 |   1 |   86.0 |
          Lair |   9804 |   9113 |    691 |     31 |   7526 |   6 | 1634.0 |
  Orcish Mines |   2654 |   2384 |    270 |      0 |   1826 |   2 | 1327.0 |
        Depths |      9 |      9 |      0 |      0 |      0 |   1 |    9.0 |
        Bailey |    541 |    541 |      0 |     32 |    103 |   1 |  541.0 |
      Ice Cave |    769 |    769 |      0 |     43 |    474 |   1 |  769.0 |
      Gauntlet |    491 |    491 |      0 |     24 |    207 |   1 |  491.0 |
               +--------+--------+--------+--------+--------+-----+--------+

Top non-repeatable levels by time:
    D:12: 2849 daAuts
  Lair:3: 1994 daAuts
  Lair:5: 1942 daAuts
  Lair:1: 1692 daAuts
   Orc:2: 1419 daAuts
  Lair:4: 1418 daAuts
  Lair:2: 1391 daAuts
  Lair:6: 1364 daAuts
     D:9: 1282 daAuts
    D:10: 1261 daAuts
   Orc:1: 1235 daAuts
    D:15: 1222 daAuts
    D:14: 1119 daAuts
     D:6: 1029 daAuts
    D:13: 966 daAuts
